 Dungeon Crawl Stone Soup version 0.31-a0-198-g2ad674f65e (webtiles) character file.

Game seed: 13341394307136755338

261 qw the Skirmisher (level 5, -9/30 HPs)
             Began as a Deep Elf Hunter on June 25, 2023.
             Mangled by an orc warrior
             ... wielding a +0 short sword
              (10 damage)
             ... on level 4 of the Dungeon.
             The game lasted 00:01:09 (2399 turns).

qw the Skirmisher (Deep Elf Hunter)                 Turns: 2399, Time: 00:01:10

Health: -9/30      AC:  8    Str: 10    XL:     5   Next: 96%
Magic:  7/7        EV: 11    Int: 14    God:
Gold:   233        SH:  5    Dex: 18    Spells: 4/4 levels left

rFire   . . .        Y - +0 shortbow
rCold   . . .        (shield currently unavailable)
rNeg    . . .        e - +0 ring mail
rPois   .            a - +0 helmet
rElec   .            (no cloak)
rCorr   .            (no gloves)
SInv    .            f - +1 pair of boots
Will    .....        h - amulet of reflection
Stlth   +            (no ring)
HPRegen 0.25/turn    (no ring)
MPRegen 0.10/turn

%: reflection
@: no status effects
A: no striking features
a: no special abilities


You were on level 4 of the Dungeon.
You visited 2 branches of the dungeon, and saw 5 of its levels.

You collected 233 gold pieces.


   Skills:
 - Level 2.1 Fighting
 + Level 9.0 Ranged Weapons
 - Level 1.0 Armour
 - Level 2.4 Dodging
 - Level 1.2 Stealth


You had 4 spell levels left.
You didn't know any spells.
Your spell library was empty.

Inventory:

Hand Weapons
 Y - a +0 shortbow (weapon)
Armour
 a - a +0 helmet (worn)
 c - a +0 leather armour of poison resistance
 e - a +0 ring mail (worn)
 f - a +1 pair of boots (worn)
 l - a +1 helmet
Jewellery
 h - an amulet of reflection (around neck)
 j - a ring of fire
 k - a ring of flight
Scrolls
 i - a scroll of identify
Potions
 b - a potion of attraction {unknown}
 d - a potion of magic {unknown}
 g - 2 potions of mutation

Dungeon Overview and Level Annotations

Branches:
Dungeon (4/15)             Temple (1/1) D:4

Altars:
Ashenzari
Dithmenos
Elyvilon
Gozag
Makhleb
Nemelex Xobeh
Qazlal
Sif Muna
Xom
Zin

Shops:
D:1 [


Message History

You shoot an arrow.
The arrow closely misses the orc warrior.
The orc warrior hits you with a +0 short sword.
The kobold hits you but does no damage.
You shoot an arrow. The arrow hits the orc warrior.
The orc warrior is severely wounded.
You block the orc warrior's attack. You block the kobold's attack.
You shoot an arrow.
The arrow hits the orc warrior but does no damage.
The orc warrior is severely wounded.
The orc warrior barely misses you. The kobold closely misses you.
You shoot an arrow.
The arrow barely misses the orc warrior.
You block the orc warrior's attack. The kobold hits you but does no damage.
You shoot an arrow.
The arrow hits the orc warrior but does no damage.
The orc warrior is heavily wounded.
The orc warrior hits you with a +0 short sword!
The kobold hits you with a +0 dagger.
The orc warrior hits you with a +0 short sword.
You block the kobold's attack.
You shoot an arrow.
The arrow barely misses the orc warrior.
The orc warrior hits you with a +0 short sword.
The kobold hits you but does no damage.
You shoot an arrow. The arrow hits the orc warrior.
The orc warrior is severely wounded.
You block the orc warrior's attack. The kobold closely misses you.
You shoot an arrow.
The arrow hits the orc warrior but does no damage.
The orc warrior is severely wounded.
The orc warrior barely misses you. You block the kobold's attack.
You shoot an arrow. The arrow hits the orc warrior.
The orc warrior is severely wounded.
The orc warrior hits you with a +0 short sword.
The kobold hits you but does no damage.
You shoot an arrow. The arrow hits the orc warrior.
The orc warrior is almost dead.
The orc warrior hits you with a +0 short sword!
You die...

##### ##############.#.####
######## #.................[.##
.......# #.##........##.#.....#
######.####.....#####...<#..#.?#
#.#.....##.#!($#.##.#..#..#
#.#.###.#..#...# ..#..#..#
######.#........#o..#
..##..#..## ....##.#......##@#
##. #.......
....##........#K#...#
#....###..# ....####....##.#
...# .##. #..#
............#.#.......# # #..#
........>.##.##..#....# #..#
##.#####..#?#.... ...... #..#
#.##.<#..###.... ...#.. ##..#...
#.##.[.......... .........).....
#............... .........


You could see an orc warrior and a kobold.

Vanquished Creatures
  An iguana (D:4)
  A sleepcap (D:4)
  2 orc wizards
  Terence (D:3)
  4 adders
  A dart slug (D:2)
  10 orcs
  9 ball pythons
  11 endoplasms
  3 giant cockroaches
  6 goblins
  4 hobgoblins
  2 jackals (D:3)
  5 quokkas
  5 bats
  2 frilled lizards
  10 kobolds
  4 rats
81 creatures vanquished.

Notes
Turn   | Place    | Note
-------+----------+-------------------------------------------
     0 | D:1      | qw the Deep Elf Hunter began the quest for the Orb.
     0 | D:1      | Reached XP level 1. HP: 12/12 MP: 3/3
     0 | D:1      | 0 ||| qw: Version: 0.3-a-22-g0ed2b0b
     0 | D:1      | 0 ||| qw: Game counter: 5199
     0 | D:1      | 0 ||| qw: Melee chars always use a shield: true
     0 | D:1      | 0 ||| qw: God list: Okawaru
     0 | D:1      | 0 ||| qw: Allow faded altars: false
     0 | D:1      | 0 ||| qw: Do Orc after clearing Dungeon:15 true
     0 | D:1      | 0 ||| qw: Do second Lair branch before Depths: true
     0 | D:1      | 0 ||| qw: Lair rune preference: random
     0 | D:1      | 0 ||| qw: Goals: Normal
     0 | D:1      | 0 ||| PLANNING D:1-11
   208 | D:1      | Reached XP level 2. HP: 16/16 MP: 4/4
   216 | D:1      | Reached skill level 6 in Ranged Weapons
   424 | D:1      | Found Guubawk's Antique Armour Shoppe.
   434 | D:1      | 434 ||| SHOPLISTING +5 robe of Night {Dark Will+ SInv}
                  | (1440 gold, have 43).
   434 | D:1      | 434 ||| SHOPLISTING dyed leather armour (120 gold, have
                  | 43).
   639 | D:1      | 639 ||| UPGRADING to +0 ring mail.
   649 | D:1      | 649 ||| DROPPING +0 leather armour.
   650 | D:1      | 650 ||| UPGRADING to amulet of reflection.
   655 | D:1      | 655 ||| READING 2 scrolls labelled IPHITT REFIL ZADI.
   656 | D:1      | 656 ||| READING scroll labelled ZOTZER QYO.
   657 | D:1      | 657 ||| READING 3 scrolls labelled UMOLUJ TOIKOGO.
   658 | D:1      | 658 ||| READING scroll labelled LIHEXA ELLILUMOEKH.
   663 | D:1      | 663 ||| READING 2 scrolls of identify.
   663 | D:1      | 663 ||| IDENTIFYING grey potion
   664 | D:1      | 664 ||| DROPPING scroll of revelation.
   665 | D:1      | 665 ||| DROPPING scroll of butterflies.
   731 | D:2      | Reached XP level 3. HP: 20/20 MP: 5/5
   809 | D:2      | Reached skill level 7 in Ranged Weapons
  1189 | D:2      | 1189 ||| UPGRADING to +0 helmet.
  1194 | D:2      | 1194 ||| DROPPING amulet of guardian spirit.
  1195 | D:2      | 1195 ||| DROPPING +6 ring of intelligence.
  1196 | D:2      | 1196 ||| READING scroll labelled KUAPYU UN SIZE.
  1197 | D:2      | 1197 ||| READING 2 scrolls of identify.
  1197 | D:2      | 1197 ||| IDENTIFYING sedimented cyan potion
  1198 | D:2      | HP: 5/20 [poisoned by you (poison gas)]
  1199 | D:2      | 1199 ||| Stepping ~*~*~tactically~*~*~ (cloud).
  1200 | D:2      | 1200 ||| DRINKING potion of curing.
  1200 | D:2      | 1200 ||| (to cure poison)
  1277 | D:3      | Reached XP level 4. HP: 25/25 MP: 6/6
  1379 | D:3      | Noticed Terence
  1393 | D:3      | Killed Terence
  1394 | D:3      | Reached skill level 8 in Ranged Weapons
  1447 | D:3      | Found a shadowy altar of Dithmenos.
  1513 | D:3      | Reached XP level 5. HP: 29/29 MP: 7/7
  1726 | D:3      | 1726 ||| UPGRADING to +1 pair of boots.
  1731 | D:3      | 1731 ||| READING scroll labelled BORPHE BACZIECS.
  1794 | D:4      | HP: 7/29 [iguana (1)]
  1994 | D:4      | Found a staircase to the Ecumenical Temple.
  1995 | D:4      | 1995 ||| PLANNING TEMPLE
  2004 | Temple   | Entered the Ecumenical Temple
  2154 | Temple   | 2154 ||| PLANNING D:1-11
  2218 | D:4      | Reached skill level 9 in Ranged Weapons
  2314 | D:4      | Reached skill level 1 in Armour
  2370 | D:4      | Noticed an orc warrior
  2394 | D:4      | HP: 7/30 [orc warrior/+0 short sword (2)]
  2395 | D:4      | HP: 1/30 [orc warrior/+0 short sword (6)]
  2399 | D:4      | Mangled by an orc warrior

Levels and vault maps discovered:
D:1:      giann_wishing_wells, layout_loops_ring, serial_shops, shop_fountains,
          columned_hall_lemuel, hex_medium
D:2:      layout_rooms, kennysheep_pointless_box,
          chequers_serial_rivers_small_b, kennysheep_generic_room_6
D:3:      layout_rooms, grunt_dithmenos_smoke_and_mirrors, st_stairs_4,
          uniq_terence
D:4:      layout_basic, kennysheep_little_box, pf_just_have_faith,
          minmay_temple_entry_purple_smoke, minmay_vboxes
Temple:   chequers_temple_sunken

Skill      XL: |  1  2  3  4  5 |
---------------+----------------+-----
Ranged Weapons | 6 7 8 9 |  9.0
Fighting       | 2 |  2.1
Armour         | 1 |  1.0
Dodging        | |  2.4
Stealth        | |  1.2

Action                     |  1- 3 |  4- 6 || total
---------------------------+-------+-------++-------
   Fire: Shortbow          |   109 |   170 ||   279
    Use: Scroll            |     7 |     1 ||     8
         Potion            |     1 |       ||     1
 Armour: Leather armour    |     8 |       ||     8
         Ring mail         |     7 |    44 ||    51
  Dodge: Dodged            |    23 |    58 ||    81
  Block: Other             |     6 |    20 ||    26

Table legend:
 A = Non-vault XP
 B = Vault XP
 C = Vault XP percentage of total XP
 D = Non-vault monster count
 E = Vault monster count
 F = Vault count percentage of total count
                 A         B        C        D         E       F
            +---------+---------+-------+---------+---------+-------
      Total |     304 |      69 |  18.5 |      74 |       7 |   8.6
            +---------+---------+-------+---------+---------+-------
        D:1 |      33 |       0 |   0.0 |      22 |       0 |   0.0
        D:2 |      39 |      14 |  26.4 |      15 |       2 |  11.8
        D:3 |      85 |      39 |  31.5 |      22 |       3 |  12.0
        D:4 |     147 |      16 |   9.8 |      15 |       2 |  11.8
            +---------+---------+-------+---------+---------+-------
